 Dungeon Crawl Stone Soup version 0.28-a0-2-g643f2454ad (webtiles) character file.

Game seed: 3913231196634507406

129 Spectrina the Sneak (level 5, -11/40 HPs)
             Began as a Djinni Delver on July 22, 2021.
             Killed by divine providence
             ... invoked by an orc priest
              (16 damage)
             ... on level 4 of the Dungeon.
             The game lasted 00:09:33 (956 turns).

Spectrina the Sneak (Djinni Delver)                  Turns: 956, Time: 00:09:34

Health: -11/40     AC:  4    Str: 11    XL:     5   Next: 35%
Gold:   64         EV: 12    Int: 13    God:
                   SH:  0    Dex: 14

rFire   + + +      SeeInvis .     - Unarmed
rCold   x . .      Faith    .   (no shield)
rNeg    . . .      Spirit   .   a - +1 leather armour
rPois   ∞          Reflect  .   (no helmet)
rElec   .          Harm     .   (no cloak)
rCorr   .          Rampage  .   (no gloves)
Will    .....                   (boots unavailable)
Stlth   ++........              (no amulet)
HPRegen 0.13/turn               g - ring of protection from fire
MPRegen 0.00/turn               (no ring)

@: flying
A: sickness immunity, fire resistance 2, cold vulnerability 1, float, innate
caster, hp casting, extra vitality 1
a: no special abilities


You were on level 4 of the Dungeon.
You visited 1 branch of the dungeon, and saw 4 of its levels.

You collected 64 gold pieces.

Inventory:

Missiles
 j - 110 stones
 n - 4 atropa-tipped darts (quivered)
 o - 5 poisoned darts
 p - 16 arrows
Armour
 a - a +1 leather armour (worn)
Jewellery
 g - a ring of protection from fire (left hand)
Wands
 f - a wand of digging (1)
Scrolls
 b - a scroll of fog
 c - 2 scrolls of magic mapping
 d - a scroll of fear
Potions
 e - a potion of haste


   Skills:
 - Level 3.0 Fighting
 - Level 2.1 Dodging
 - Level 4.1 Stealth
 - Level 2.0 Unarmed Combat
 * Level 3.4 Spellcasting


You had 7 spell levels left.
You knew the following spells:

 Your Spells              Type           Power      Damage    Failure   Level
a - Pain                  Necr           44%        1d6       7%          1
m - Corpse Rot            Necr/Air       N/A        N/A       11%         2
Your spell library was empty.

Dungeon Overview and Level Annotations

Branches:
Dungeon (5/15)
 Temple: D:4-7

Altars:


Innate Abilities, Weirdness & Mutations

You are immune to sickness and miasma.
You are immune to poison.
Your flesh is very heat resistant. (rF++)
You are vulnerable to cold. (rC-)
You float through the air rather than walking.
You learn spells naturally, not from books.
Your magical power is your life essence.
You have superior vitality. (+4 HP)


Message History

Aiming: Dig
Press: ? - help, Shift-Dir - straight line, p - orc priest A rock wall.
The rock shatters into small pieces.
Something hits you.
The orc priest calls down the wrath of Beogh upon you.
Beogh smites you!
You hear an angry hiss.
Okay, then.
As you read the scroll labelled TATHRO HARONIU, it crumbles to dust.
It is a scroll of enchant armour.
Your +0 leather armour glows green for a moment.
Something hits you.
* * * LOW HITPOINT WARNING * * *
As you read the scroll labelled WENADWA YGYCK, it crumbles to dust.
The creatures around you are filled with an inner flame!
It was a scroll of immolation.
Something hits you.
* * * LOW HITPOINT WARNING * * *
Unknown command.
Okay, then.
Unknown command.
You miss something. Something hits you but does no damage.
You miss something. You miss something. Something hits you.
* * * LOW HITPOINT WARNING * * *
You hit something.
Flame seeps out of something. x2; Something hits you.
* * * LOW HITPOINT WARNING * * *
Really fly into that cloud of flame?
Okay, then.
Really fly into that cloud of flame?
Okay, then.
Reactivating autopickup.
You feel a bit more experienced.
The orc wizard explodes!
You feel a bit more experienced.
You hear an angry hiss.
Unknown command.
Okay, then.
The orc priest mumbles some strange prayers to Beogh against you.
Beogh smites you!
You die...

## #.#
## #.#
#.# ##.#
#.# ##.#
#.#
##.##
#.###@##
#.#§##
#o##
##(##
####
##o#
......
#o#
.....
#(##
l...
#(.# ..#
#o.##
###..##
#


You could see an orc priest.

Vanquished Creatures
  An orc priest (D:3)
  2 orc wizards
  2 adders
  A worm (D:3)
  5 orcs
  An endoplasm (D:2)
  A giant cockroach (D:3)
  3 hobgoblins
  3 jackals (D:3)
  3 kobolds (D:2)
  2 ball pythons (D:3)
  A frilled lizard (D:3)
  2 rats (D:3)
27 creatures vanquished.

Notes
Turn   | Place    | Note
-------+----------+-------------------------------------------
     0 | D:5      | Spectrina the Djinni Delver began the quest for the Orb.
     0 | D:5      | Reached XP level 1. HP: 20/20 MP: 0/0
   110 | D:2      | HP: 1/20 [adder (1)]
   112 | D:2      | Reached skill level 1 in Spellcasting
   112 | D:2      | Reached XP level 2. HP: 2/25 MP: 0/0
   558 | D:3      | Reached XP level 3. HP: 26/30 MP: 0/0
   558 | D:3      | Learned a level 1 spell: Pain
   558 | D:3      | Reached XP level 4. HP: 30/35 MP: 0/0
   641 | D:3      | Noticed an ice beast
   641 | D:3      | Noticed a phantom
   813 | D:3      | Reached XP level 5. HP: 40/40 MP: 0/0
   813 | D:3      | Learned a level 2 spell: Corpse Rot
   956 | D:4      | Killed from afar by an orc priest

Illustrated notes

Levels and vault maps discovered:
D:2:      layout_basic, hangedman_decor_peaks_small
D:3:      layout_rooms, lightli_corner_chamber
D:4:      layout_rooms
D:5:      layout_basic

Skill      XL: |  1  2  3  4 |
---------------+-------------+-----
Spellcasting   | 1 2 3 |  3.4
Fighting       | |  3.0
Dodging        | |  2.1
Stealth        | |  4.1
Unarmed Combat | |  2.0

Action                   |  1- 3 |  4- 6 || total
-------------------------+-------+-------++-------
Melee: Unarmed           |    65 |    66 ||   131
       Punch             |     1 |     1 ||     2
Throw: Dart              |    11 |    21 ||    32
       Stone             |       |     3 ||     3
 Cast: Pain              |       |     8 ||     8
Evoke: Wand              |       |     2 ||     2
  Use: Potion            |       |     3 ||     3
       Scroll            |       |     2 ||     2
 Stab: Invisible         |       |     1 ||     1
Armor: Leather armour    |    13 |    16 ||    29
       Skin              |       |     9 ||     9
Dodge: Dodged            |    45 |    26 ||    71

Table legend: (Time is in decaauts)
 A = Elapsed time spent in this place.
 B = Non-inter-level travel time spent in this place.
 C = Inter-level travel time spent in this place.
 D = Time resting spent in this place.
 E = Time spent auto-exploring this place.
 F = Levels seen in this place.
 G = Mean time per level.
                   A        B        C        D        E       F      G
               +--------+--------+--------+--------+--------+-----+--------+
         Total |    952 |    952 |      0 |      2 |      0 |   4 |  238.0 |
       Dungeon |    952 |    952 |      0 |      2 |      0 |   4 |  238.0 |
               +--------+--------+--------+--------+--------+-----+--------+

Top non-repeatable levels by time:
     D:3: 430 daAuts
     D:2: 422 daAuts
     D:4: 92 daAuts
     D:5: 7 daAuts
